 Dungeon Crawl Stone Soup version 0.30-a0-627-gc11e7ae810 (webtiles) character file.

Game seed: 1341986210037971636

21 Bnni the Sneak (level 2, -1/15 HPs)
             Began as a Vine Stalker Brigand on Jan 12, 2023.
             Succumbed to an adder's poison
             ... on level 2 of the Dungeon.
             The game lasted 00:00:50 (726 turns).

Bnni the Sneak (Vine Stalker Brigand)                Turns: 726, Time: 00:00:51

Health: -1/15      AC:  3    Str: 13    XL:     2   Next: 87%
Magic:  1/3        EV: 11    Int: 11    God:
Gold:   68         SH:  0    Dex: 15    Spells: 1/1 levels left

rFire   . . .      SeeInvis .    a - +2 dagger
rCold   . . .      Faith    .    (no shield)
rNeg    . . .      Spirit   +    b - +0 robe
rPois   .          Reflect  .    (no helmet)
rElec   .          Harm     .    c - +0 cloak
rCorr   .          Rampage  .    (no gloves)
Will    .....                    (no boots)
Stlth   +++                      (no amulet)
HPRegen 0.22/turn                (no ring)
MPRegen 0.08/turn                (no ring)

@: lethally poisoned (-1 -> -14)
A: fangs 2, magic shield, antimagic bite, no potion heal 2
a: no special abilities


You were on level 2 of the Dungeon.
You visited 1 branch of the dungeon, and saw 2 of its levels.

You collected 68 gold pieces.

Inventory:

Hand Weapons
 a - a +2 dagger (weapon)
Missiles
 d - 9 poisoned darts (quivered)
 e - 3 curare-tipped darts
Armour
 b - a +0 robe (worn)
 c - a +0 cloak (worn)
Scrolls
 f - a scroll of teleportation {unknown}
 g - a scroll of identify {unknown}
 h - 2 scrolls of fear {unknown}
 i - a scroll of enchant weapon {unknown}
 l - a scroll of silence {unknown}
 m - a scroll of blinking {unknown}
Potions
 j - a potion of degeneration {unknown}
 k - a potion of berserk rage {unknown}


   Skills:
 + Level 2.0 Fighting
 * Level 2.3 Short Blades
 - Level 1.7 Throwing
 - Level 0.7 Dodging
 * Level 5.3 Stealth


You had one spell level left.
You didn't know any spells.
Your spell library was empty.

Dungeon Overview and Level Annotations

Branches:
Dungeon (2/15)

Altars:


Innate Abilities, Weirdness & Mutations

You have extremely sharp teeth.
When hurt, damage is shared between your health and your magic reserves.
Your bite disrupts and absorbs the magic of your enemies.
Potions cannot restore your health.


Message History

You hit the adder.
The adder is moderately wounded.
The adder closely misses you.
An adder is nearby!
You barely miss the adder. You bite the adder, but do no damage.
The adder is moderately wounded.
The adder bites you but does no damage.
You hit the adder.
The adder is heavily wounded.
The adder barely misses you.
You closely miss the adder.
The adder is heavily wounded.
The adder bites you.
You are poisoned.
The adder poisons you!
You closely miss the adder.
The adder is heavily wounded.
You feel sick. The adder barely misses you. The adder bites you.
You are lethally poisoned!
The adder poisons you!
You hit the adder. Your bite misses the adder.
The adder is almost dead.
You feel sick. The adder barely misses you.
You closely miss the adder.
The adder is almost dead.
You feel sick. The adder bites you.
* * * LOW HITPOINT WARNING * * *
You are more poisoned.
The adder poisons you!
You are too injured to fight recklessly!
You closely miss the adder. Your bite misses the adder.
The adder is almost dead.
* * * LOW HITPOINT WARNING * * *
You feel very sick. The adder bites you.
You are more poisoned.
The adder poisons you!
You hit the adder.
The adder is almost dead.
You die...

.... #.##..# #####
#.##... ....####
#(##..## ........
..##...## .##.####
#.##.... .##.# #.##.#S#
.# .##.# #.##.#@#.$.#.
###.#######.............
.................#...###
..#.##########...##.##
..#.# #...# )# ....#
...... . ..### ......#.
# ..# .##.##.# # ### #.#
.#


You could see an adder.

Vanquished Creatures
  4 ball pythons (D:1)
  2 giant cockroaches (D:1)
  A hobgoblin (D:1)
  4 jackals (D:1)
  A quokka (D:1)
  2 frilled lizards (D:1)
  2 goblins (D:1)
  A kobold (D:1)
  2 rats (D:1)
19 creatures vanquished.

Notes
Turn   | Place    | Note
-------+----------+-------------------------------------------
     0 | D:1      | Bnni the Vine Stalker Brigand began the quest for the Orb.
     0 | D:1      | Reached XP level 1. HP: 11/11 MP: 2/2
    71 | D:1      | Reached skill level 5 in Stealth
   111 | D:1      | Reached XP level 2. HP: 15/15 MP: 3/3
   392 | D:1      | Found a faded altar of an unknown god.
   726 | D:2      | Succumbed to an adder's poison

Illustrated notes

Levels and vault maps discovered:
D:1:      reono_arrival_mine, layout_basic,
          chequers_ecumenical_altar_simple_redux
D:2:      layout_loops_ring, grunt_ministairs_7, minmay_tree_intersection,
          uniq_sigmund

Skill      XL: |  1  2 |
---------------+-------+-----
Short Blades   | 2 |  2.3
Stealth        | 5 |  5.3
Fighting       | 2 |  2.0
Throwing       | |  1.7
Dodging        | |  0.7

Action                   || total
-------------------------++-------
Melee: Dagger            ||    64
       Bite              ||    14
 Stab: Sleeping          ||     4
Armor: Robe              ||    12
Dodge: Dodged            ||    28

Table legend: (Time is in decaauts)
 A = Elapsed time spent in this place.
 B = Non-inter-level travel time spent in this place.
 C = Inter-level travel time spent in this place.
 D = Time resting spent in this place.
 E = Time spent auto-exploring this place.
 F = Levels seen in this place.
 G = Mean time per level.
                   A        B        C        D        E       F      G
               +--------+--------+--------+--------+--------+-----+--------+
         Total |    719 |    680 |     39 |     22 |    517 |   2 |  359.5 |
       Dungeon |    719 |    680 |     39 |     22 |    517 |   2 |  359.5 |
               +--------+--------+--------+--------+--------+-----+--------+

Top non-repeatable levels by time:
     D:1: 648 daAuts
     D:2: 71 daAuts
